 Dungeon Crawl Stone Soup version 0.25.1-2-g60ff931df9 (webtiles) character file.

Game seed: 15639491714035562639

30 solopath the Digger (level 3, -3/24 HPs)
             Began as a Formicid Earth Elementalist on Oct 25, 2020.
             Slain by a leopard gecko (4 damage)
             ... on level 1 of the Dungeon.
             The game lasted 00:03:27 (1205 turns).

solopath the Digger (Formicid Earth Elementalist)   Turns: 1205, Time: 00:03:28

Health: -3/24      AC:  2    Str: 12    XL:     3   Next: 35%
Magic:  0/6        EV: 12    Int: 15    God:
Gold:   27         SH:  0    Dex: 11    Spells: 1/7 levels left

rFire    . . .     SeeInvis +   i - +0 dagger
rCold    . . .     Gourm    .   (no shield)
rNeg     . . .     Faith    .   c - +0 robe
rPois    .         Spirit   .   (helmet unavailable)
rElec    .         Reflect  .   (no cloak)
rCorr    .         Harm     .   (no gloves)
MR       .....                  (no boots)
Stlth    ++........             g - amulet of inaccuracy (curse)
HPRegen  0.08/turn              (no ring)
MPRegen  0.10/turn              (no ring)

@: very slightly contaminated
A: permanent stasis, dig shafts and tunnels, four strong arms, antennae 3
a: Dig, Shaft Self


You were on level 1 of the Dungeon.
You were hungry.

You visited 1 branch of the dungeon, and saw 1 of its levels.

You collected 27 gold pieces.

Inventory:

Hand Weapons
 i - a +0 dagger (weapon)
Missiles
 e - 10 atropa-tipped darts (quivered)
Armour
 c - a +0 robe (worn)
 j - a +0 buckler
Jewellery
 g - a cursed amulet of inaccuracy (around neck)
Scrolls
 a - 3 scrolls of identify
Potions
 f - a potion of magic
Comestibles
 d - 5 rations


   Skills:
 + Level 0.2 Short Blades
 - Level 1.7 Dodging
 + Level 3.1 Stealth
 + Level 2.5 Spellcasting
 - Level 1.1 Transmutations
 * Level 4.4 Earth Magic


You had one spell level left.
You knew the following spells:

 Your Spells              Type           Power        Failure   Level  Hunger
a - Sandblast             Erth           ###...       3%          1    #......
b - Passwall              Tmut/Erth      ##......     11%         2    ###....
c - Stone Arrow           Conj/Erth      #.....       26%         3    ###....

Your spell library contained the following spells:

 Spells                   Type           Power        Failure   Level  Hunger
 Petrify                  Tmut/Erth      ##......     56%         4    #####..
 Lee's Rapid Deconstruct  Erth           ###.......   67%         5    ######.


Dungeon Overview and Level Annotations

Branches:
Dungeon (1/15)

Altars:


Innate Abilities, Weirdness & Mutations

You cannot be hasted, slowed, berserked, paralysed or teleported.
You can dig through walls and to a lower floor.
Your four strong arms can wield two-handed weapons with a shield.
You have a pair of large antennae on your head. (SInv)


Message History

Casting: Stone Arrow (extremely dangerous; 26% risk of failure)
Confirm with . or Enter, or press ? or * to list all spells.
The spell is extremely dangerous to cast (26% risk of failure)!
Continue anyway?
Aiming: Stone Arrow (extremely dangerous; 26% risk of failure)
Press: ? - help, Shift-Dir - straight line, f/p - leopard gecko
Aim: a leopard gecko (moderately wounded)
The stone arrow misses the leopard gecko.
The leopard gecko closely misses you.
You miss the leopard gecko.
The leopard gecko is moderately wounded.
The leopard gecko bites you.
* * * LOW HITPOINT WARNING * * *
You closely miss the leopard gecko.
The leopard gecko is moderately wounded.
The leopard gecko misses you.
The leopard gecko bites you but does no damage.
You hit the leopard gecko.
The leopard gecko is almost dead.
The leopard gecko bites you.
You die...

.......# #.# #.....#
.......###.## #.#####
........#...# #.#
..(.....#...###.#
.#......#...)...#
#..........######
...#...#...#
..#....#...#############
##...#.##..##...@l......
.#..#..##.....##########
.###...##...#.#
#...#.......#.#
.....#..##>.###
........###.# .....#..#
#.# #...#..####.######
.###...............


You could see a leopard gecko.

Vanquished Creatures
  An ooze (D:1)
  2 leopard geckos (D:1)
  4 bats (D:1)
  3 goblins (D:1)
  4 hobgoblins (D:1)
  2 frilled lizards (D:1)
  3 kobolds (D:1)
  2 rats (D:1)
21 creatures vanquished.

Notes
Turn   | Place    | Note
-------+----------+-------------------------------------------
     0 | D:1      | solopath the Formicid Earth Elementalist began the quest
                  | for the Orb.
     0 | D:1      | Reached XP level 1. HP: 13/13 MP: 3/3
   396 | D:1      | Reached XP level 2. HP: 19/19 MP: 1/5
   419 | D:1      | Reached skill level 4 in Earth Magic
   556 | D:1      | Reached XP level 3. HP: 13/24 MP: 0/6
  1102 | D:1      | Learned a level 2 spell: Passwall
  1106 | D:1      | Learned a level 3 spell: Stone Arrow
  1203 | D:1      | HP: 1/24 [leopard gecko (5)]
  1205 | D:1      | Slain by a leopard gecko

Illustrated notes

Levels and vault maps discovered:
D:1:      saegor_arrival_simple_a, layout_basic, minmay_splitting_lines,
          minmay_misc_feat_doors

Skill      XL: |  1  2 |
---------------+-------+-----
Earth Magic    | 4 |  4.4
Stealth        | 3 |  3.1
Short Blades   | |  0.2
Dodging        | |  1.7
Spellcasting   | |  2.5
Transmutations | |  1.1

Action                   || total
-------------------------++-------
Melee: Unarmed           ||     1
       Dagger            ||    66
Throw: Dart              ||     3
 Cast: Sandblast         ||    30
       Stone Arrow       ||     2
  Use: Scroll            ||     3
       Potion            ||     1
  Eat: Chunk             ||     1
Armor: Robe              ||    15
Dodge: Dodged            ||    63
